 Dungeon Crawl Stone Soup version 0.23-a0-550-g7de1f8e (webtiles) character file.

614 Lavandula the Cutter (level 7, -2/41 HPs)
             Began as a Halfling Enchanter on Dec 9, 2018.
             Slain by a bullfrog (6 damage)
             ... on level 7 of the Dungeon.
             The game lasted 00:13:21 (2344 turns).

Lavandula the Cutter (Halfling Enchanter)           Turns: 2344, Time: 00:13:22

Health: -2/41      AC:  2    Str:  9    XL:     7   Next: 73%
Magic:  5/9        EV: 15    Int: 18    God:
Gold:   175        SH:  8    Dex: 18    Spells: 3/9 levels left

rFire    . . .     SeeInvis .   x - +8 mace of Kucviupo {holy, Int+3 Dex+3}
rCold    . . .     Gourm    .   t - +2 buckler
rNeg     + + .     Faith    .   b - +0 robe
rPois    .         Spirit   .   (no helmet)
rElec    .         Reflect  .   (no cloak)
rCorr    .         Harm     .   (no gloves)
MR       .....                  (no boots)
Stlth    +++.......             (no amulet)
HPRegen  0.13/turn              e - ring of positive energy
MPRegen  0.11/turn              r - ring of positive energy

@: very slightly contaminated
A: small, mutation resistance 1
a: no special abilities


You were on level 7 of the Dungeon.
You were very hungry.

You visited 2 branches of the dungeon, and saw 8 of its levels.
You also visited: Sewer.

You collected 175 gold pieces.

Inventory:

Hand Weapons
 a - a +1 dagger
 s - a +3 dagger
 x - the +8 mace of Kucviupo (weapon) {holy, Int+3 Dex+3}
   (You found it in a sewer)

   It has been blessed by the Shining One to cause great damage to the undead
   and demons.
   It affects your intelligence (+3).
   It affects your dexterity (+3).
Missiles
 h - 18 sling bullets
 j - 3 tomahawks (quivered)
Armour
 b - a +0 robe (worn)
 t - a +2 buckler (worn)
Jewellery
 e - a ring of positive energy (left hand)
 r - a ring of positive energy (right hand)
Wands
 o - a wand of random effects (16)
Scrolls
 c - a scroll of magic mapping
 g - a scroll of identify {unknown}
 i - 4 scrolls of teleportation {unknown}
 l - a scroll of blinking {unknown}
 m - a scroll of enchant weapon {unknown}
 p - a scroll of immolation {unknown}
 v - a scroll of fear {unknown}
 w - 2 scrolls of remove curse
Potions
 u - a potion of degeneration {unknown}
Comestibles
 d - 7 rations


   Skills:
 - Level 7.4 Short Blades
 + Level 3.2 Maces & Flails
 - Level 2.1 Dodging
 - Level 3.2 Stealth
 - Level 2.8 Shields
 - Level 1.5 Spellcasting
 - Level 2.4 Hexes


You had 3 spell levels left.
You knew the following spells:

 Your Spells              Type           Power        Failure   Level  Hunger
a - Corona                Hex            ##.....      9%          1    ##.....
b - Ensorcelled Hibernat  Hex/Ice        #.....       22%         2    ###....
c - Confuse               Hex            ##......     26%         3    ####...

Your spell library contained the following spells:

 Spells                   Type           Power        Failure   Level  Hunger
 Tukima's Dance           Hex            ##......     26%         3    ####...
 Dazzling Spray           Conj/Hex       #.....       41%         3    ####...


Dungeon Overview and Level Annotations

Branches:
Dungeon (7/15)             Temple (1/1) D:6

Altars:
Ashenzari
Cheibriados
Dithmenos
Elyvilon
Fedhas
Gozag
Hepliaklqana
Kikubaaqudgha
Nemelex Xobeh
Okawaru
Qazlal
Ru
Sif Muna
Uskayaw
Wu Jian
Xom
Zin

Shops:
D:2 *   D:7 [

Annotations:
D:4 1 runed door, KristoblXynda's ghost, amateur DDFi


Innate Abilities, Weirdness & Mutations

You are small and have problems with some larger weapons.
You are somewhat resistant to further mutation.


Message History

Aiming: Ensorcelled Hibernation (safe; 22% risk of failure)
Press: ? - help, Shift-Dir - straight line, f/p - killer bee
Aim: a killer bee (chance to defeat MR: 46%)
You miscast Ensorcelled Hibernation.
You are very lightly contaminated with residual magic.
The light around you dims momentarily. The killer bee stings you!
* * * LOW HITPOINT WARNING * * *
The killer bee barely misses you.
Casting: Ensorcelled Hibernation (safe; 22% risk of failure)
Confirm with . or Enter, or press ? or * to list all spells.
Aiming: Ensorcelled Hibernation (safe; 22% risk of failure)
Press: ? - help, Shift-Dir - straight line, f/p - killer bee
Aim: a killer bee (chance to defeat MR: 46%)
The killer bee looks drowsy...
As you read the scroll labeled SEOLEFFO KUTTOIHIE, it crumbles to dust.
You feel blessed for a moment.
It was a scroll of remove curse.
Unknown command.
Okay, then.
The bullfrog hits you.
You die...

#.#.........# #
....###'###...# #..
#.#.##..# # ..
#.#..##... .. .
#.#.#.##..###'
#.#...(#.##..
#.#.#######.#### #
..###.....#.##:}%#
.## ### #)####.@#
..%.S##.#
#.#...=yF#
Gh$F..#.#
#.#.#.#.## #.....+
#.#..##..# #.#
#.#.####.## ##.#
#.....###.## ##.##
##.....###.#####.##
..#.#..###..#..##
.# ...
.....####+###..#


You could see a bullfrog and a killer bee (sleeping).

Vanquished Creatures
  An ogre (D:4)
  A crocodile (Sewer)
  2 bullfrogs
  A scorpion (D:3)
  An orc wizard (D:6)
  An iguana (D:4)
  3 worker ants
  2 worker ant zombies (D:7)
  3 gnolls (D:2)
  4 adders
  A shadow imp (D:5)
  An ooze (D:1)
  A worm (D:2)
  6 leopard geckos
  4 orcs
  2 ball pythons
  8 giant cockroaches
  4 hobgoblins
  2 jackals (Sewer)
  4 kobolds
  2 quokkas
  2 bats (D:1)
  A frilled lizard (D:2)
  A quokka zombie (D:2)
  A rat (D:2)
59 creatures vanquished.

Notes
Turn   | Place    | Note
-------+----------+-------------------------------------------
     0 | D:1      | Lavandula the Halfling Enchanter began the quest for the
                  | Orb.
     0 | D:1      | Reached XP level 1. HP: 11/11 MP: 3/3
    31 | D:1      | Reached skill level 2 in Short Blades
    31 | D:1      | Reached XP level 2. HP: 17/17 MP: 4/4
    97 | D:2      | Learned a level 2 spell: Ensorcelled Hibernation
   264 | D:3      | Reached skill level 3 in Short Blades
   264 | D:3      | Reached XP level 3. HP: 15/21 MP: 5/5
   380 | D:2      | Reached skill level 4 in Short Blades
   399 | D:2      | Reached XP level 4. HP: 25/27 MP: 0/6
   603 | D:2      | Found Zin's Purification Station.
   607 | D:2      | Found a glowing silver altar of Zin.
   691 | D:4      | Reached skill level 5 in Short Blades
  1119 | D:4      | Reached XP level 5. HP: 19/31 MP: 0/7
  1216 | D:4      | Found a runed door.
  1217 | D:4      | Noticed KristoblXynda's ghost (amateur DDFi)
  1245 | D:5      | Entered Level 5 of the Dungeon
  1339 | D:4      | Reached skill level 6 in Short Blades
  1423 | D:4      | Noticed an ogre
  1496 | D:4      | Killed an ogre
  1496 | D:4      | Reached skill level 7 in Short Blades
  1496 | D:4      | Reached XP level 6. HP: 14/36 MP: 5/8
  1501 | D:4      | Learned a level 3 spell: Confuse
  1636 | D:5      | Reached skill level 1 in Shields
  1711 | D:6      | Found a staircase to the Ecumenical Temple.
  1717 | Temple   | Entered the Ecumenical Temple
  1931 | D:6      | Found a glowing drain.
  1947 | Sewer    | Entered a sewer
  2032 | Sewer    | Reached XP level 7. HP: 21/41 MP: 2/9
  2053 | Sewer    | Got an ichor-stained mace
  2054 | Sewer    | Identified the +8 mace of Kucviupo {holy, Int+3 Dex+3} (You
                  | found it in a sewer)
  2103 | D:5      | Found a shadowy altar of Dithmenos.
  2115 | D:6      | Reached skill level 1 in Maces & Flails
  2187 | D:7      | Found Omiam's Armour Shoppe.
  2236 | D:7      | Found a glowing silver altar of Zin.
  2270 | D:7      | HP: 1/41 [bullfrog (8)]
  2344 | D:7      | Slain by a bullfrog

Vault maps used:
D:1:      dpeg_arrival_court
D:2:      minmay_general_purpose_star, zin_purify
D:3:      lemuel_crystal_altar, chequers_serial_rivers_micro_e
D:4:      ebering_ghost_reflecting_pool
D:5:      grunt_temple_overflow_open, first_ration
D:6:      temple_green, gup_sewer_entry_pipe, uniq_eustachio
D:7:      minmay_the_grid_octo_triangle, old_standard_altar, serial_shops,
          nicolae_shop_behind_doors, shop, shop_fountains, shop, basic_altar,
          uniq_duvessa
Temple:   regret_index_temple_waves
Sewer:    sewer_the_crocodile

Skill      XL: |  1  2  3  4  5  6  7 |
---------------+----------------------+-----
Short Blades   | 2 3 4 5 7 |  7.4
Shields        | 2 |  2.8
Maces & Flails | 3 |  3.2
Dodging        | |  2.1
Stealth        | |  3.2
Spellcasting   | |  1.5
Hexes          | |  2.4

Action                   |  1- 3 |  4- 6 |  7- 9 || total
-------------------------+-------+-------+-------++-------
Melee: Dagger            |    67 |   143 |       ||   210
       Mace              |       |       |    32 ||    32
 Cast: Ensorcelled Hiber |     4 |    28 |     3 ||    35
       Corona            |       |     1 |     2 ||     3
       Confuse           |       |       |     1 ||     1
Evoke: Wand              |       |     6 |     1 ||     7
  Use: Scroll            |     1 |     1 |     1 ||     3
       Potion            |       |     2 |     5 ||     7
 Stab: Sleeping          |     7 |    12 |     2 ||    21
       Confused          |       |     1 |       ||     1
  Eat: Ration            |       |     1 |       ||     1
       Chunk             |       |     3 |     1 ||     4
Armor: Robe              |     5 |    21 |     5 ||    31
Dodge: Dodged            |    38 |    88 |    22 ||   148
Block: Buckler           |       |       |    19 ||    19

Table legend:
 A = Non-vault XP
 B = Vault XP
 C = Vault XP percentage of total XP
 D = Non-vault monster count
 E = Vault monster count
 F = Vault count percentage of total count
                 A         B        C        D         E       F
            +---------+---------+-------+---------+---------+-------
      Total |     667 |     211 |  24.0 |      37 |      22 |  37.3
            +---------+---------+-------+---------+---------+-------
        D:1 |      15 |       0 |   0.0 |       5 |       0 |   0.0
        D:2 |      71 |      10 |  12.3 |      12 |       4 |  25.0
        D:3 |      89 |       0 |   0.0 |       4 |       0 |   0.0
        D:4 |     209 |       0 |   0.0 |       8 |       0 |   0.0
        D:5 |      44 |       0 |   0.0 |       2 |       0 |   0.0
        D:6 |     151 |      19 |  11.2 |       5 |       8 |  61.5
        D:7 |      88 |      72 |  45.0 |       1 |       4 |  80.0
      Sewer |       0 |     110 | 100.0 |       0 |       6 | 100.0
            +---------+---------+-------+---------+---------+-------
